 Dungeon Sprint DCSS version 0.27-a0-1186-g8b4daa1eef (webtiles) character file.

Game seed: 15450880841490881492

518 fozzywoppz the Martial Artist (level 7, -10/56 HPs)
             Began as a Demonspawn Monk on May 20, 2021.
             Was a Priest of Okawaru.
             Mangled by a two-headed ogre
             ... wielding a +0 giant spiked club
              (20 damage)
             ... in the Dungeon (Sprint IX: "|||||||||||||||||||||||||||||").
             The game lasted 00:02:35 (431 turns).

fozzywoppz the Martial Artist (Demonspawn Monk)      Turns: 431, Time: 00:02:35

Health: -10/56     AC: 11    Str: 12    XL:     7   Next: 1%
Magic:  9/13       EV: 17    Int: 11    God:    Okawaru [***...]
Gold:   0          SH:  0    Dex: 17    Spells: 6/6 levels left

rFire    . . .     SeeInvis .     - Unarmed
rCold    . . .     Faith    .   (no shield)
rNeg     . . .     Spirit   .   l - +2 ring mail
rPois    .         Reflect  .   (no helmet)
rElec    .         Harm     .   (no cloak)
rCorr    .         Rampage  .   (no gloves)
Will     .....     NoTele   +   k - +0 pair of boots
Stlth    +.........             (no amulet)
HPRegen  0.18/turn              b - +2 ring of protection
MPRegen  0.26/turn              a - +2 ring of evasion

@: no status effects
A: claws 2, magic regeneration, sharp scales 1
a: Renounce Religion, Heroism


You were in the Dungeon.
You worshipped Okawaru.
Okawaru was most pleased with you.
You visited 1 branch

Inventory:

Armour
 k - a +0 pair of boots (worn)
 l - a +2 ring mail (worn)
Jewellery
 a - a +2 ring of evasion (right claw)
 b - a +2 ring of protection (left claw)
Wands
 j - a wand of iceblast (8)
Scrolls
 g - a scroll of blinking
 i - 2 scrolls of amnesia
Potions
 c - a potion of invisibility
 e - 4 potions of magic
 h - 4 potions of curing


   Skills:
 - Level 5.0 Fighting
 + Level 8.8 Dodging
 - Level 2.0 Stealth
 + Level 8.8 Unarmed Combat
 + Level 8.5 Invocations


You had 6 spell levels left.
You didn't know any spells.
Your spell library was empty.

Dungeon Overview and Level Annotations

Branches:
Dungeon (1/1)

Altars:
Cheibriados
Dithmenos
Elyvilon
Fedhas
Gozag
Hepliaklqana
Kikubaaqudgha
Makhleb
Nemelex Xobeh
Okawaru
Qazlal
Ru
Sif Muna
Trog
Uskayaw
Vehumet
Wu Jian
Xom
Yredelemnul
Zin
The Shining One
Beogh
Jiyva
Lugonu


Innate Abilities, Weirdness & Mutations

You have very sharp fingernails.
You regenerate magic rapidly.
You are partially covered in razor-sharp scales. (AC +1, Slay +1)


Message History

Okawaru is honoured by your kill.
Okawaru will now gift you ammunition as you gain piety.
The troll leather armour is intact enough to wear.
Your Dodging skill increases to level 8!
Your Unarmed Combat skill increases to level 8!
Your Invocations skill gained 2 levels and is now at level 8!
You have reached level 7!
Your demonic ancestry asserts itself...
Your fingernails sharpen.
Aiming: Iceblast
Press: ? - help, Shift-Dir - straight line, f - two-headed ogre
Aim: a two-headed ogre, wielding two +0 giant spiked clubs The mass of ice explodes!
The iceblast engulfs the two-headed ogre!!
The two-headed ogre is moderately wounded.
The iceblast engulfs the yak!
The yak is moderately wounded.
Blink to where?
Press: ? - help, Dir - move target, p - two-headed ogre
As you read the scroll of blinking, it crumbles to dust.
Okay, then.
Okay, then.
Aiming: Iceblast
Press: ? - help, Shift-Dir - straight line, f - two-headed ogre
Aim: a two-headed ogre, wielding two +0 giant spiked clubs (moderately wounded)
The mass of ice explodes!
The iceblast engulfs the two-headed ogre!
The two-headed ogre is heavily wounded.
Unknown command.
You claw the two-headed ogre! Your claw misses the two-headed ogre.
The two-headed ogre is almost dead.
You scratch the two-headed ogre but do no damage.
The two-headed ogre is almost dead.
The two-headed ogre misses you.
The two-headed ogre hits you with a +0 giant spiked club!
* * * LOW HITPOINT WARNING * * *
You scratch the two-headed ogre but do no damage.
The two-headed ogre is almost dead.
The two-headed ogre hits you with a +0 giant spiked club!!
You die... ▓▓▓▓▓▓▓▓▓▓▓▓▓▓▓▓▓▓▓▓▓▓▓▓▓▓▓ __________'..)..@OY.[...... ▓▓▓▓▓▓▓▓▓▓▓▓▓▓▓▓▓▓▓▓▓▓▓▓▓▓▓

You could see a two-headed ogre and a yak.

Vanquished Creatures
  A troll (D)
  A vampire mosquito (D)
  A black bear (D)
  A killer bee (D)
  An orc priest (D)
  An orc wizard (D)
  A dart slug (D)
  An endoplasm (D)
  A goblin (D)
  A quokka (D)
  A ball python (D)
  A ball python skeleton (D)
  A frilled lizard (D)
  A quokka zombie (D)
14 creatures vanquished.

Notes
Turn   | Place    | Note
-------+----------+-------------------------------------------
     0 | D        | fozzywoppz the Demonspawn Monk began the quest for the Orb.
     0 | D        | Reached XP level 1. HP: 18/18 MP: 1/1
   103 | D        | Noticed a black bear
   103 | D        | Noticed an orc priest
   110 | D        | Killed a black bear
   111 | D        | Reached skill level 5 in Fighting
   111 | D        | Reached skill level 5 in Dodging
   111 | D        | Reached skill level 5 in Unarmed Combat
   111 | D        | Gained mutation: You are partially covered in razor-sharp
                  | scales. (AC +1, Slay +1) [demonic ancestry]
   111 | D        | Reached XP level 2. HP: 27/27 MP: 2/2
   111 | D        | Reached XP level 3. HP: 33/33 MP: 3/3
   111 | D        | Reached XP level 4. HP: 39/39 MP: 4/4
   119 | D        | HP: 1/39 [orc priest/divine providence (15)]
   135 | D        | Found a snail-covered altar of Cheibriados.
   135 | D        | Found a shadowy altar of Dithmenos.
   135 | D        | Found a blossoming altar of Fedhas.
   135 | D        | Found an opulent altar of Gozag.
   143 | D        | Found a hazy altar of Hepliaklqana.
   144 | D        | Found a viscous altar of Jiyva.
   145 | D        | Found an ancient bone altar of Kikubaaqudgha.
   146 | D        | Found a corrupted altar of Lugonu.
   147 | D        | Found a burning altar of Makhleb.
   148 | D        | Found a sparkling altar of Nemelex Xobeh.
   149 | D        | Found an iron altar of Okawaru.
   150 | D        | Found a stormy altar of Qazlal.
   151 | D        | Found a sacrificial altar of Ru.
   152 | D        | Found a shimmering blue altar of Sif Muna.
   153 | D        | Found a bloodstained altar of Trog.
   154 | D        | Found a hide-covered altar of Uskayaw.
   155 | D        | Found a radiant altar of Vehumet.
   156 | D        | Found an ornate altar of the Wu Jian Council.
   157 | D        | Found a shimmering altar of Xom.
   159 | D        | Became a worshipper of Warmaster Okawaru
   159 | D        | Reached * piety under Okawaru
   159 | D        | Reached ** piety under Okawaru
   161 | D        | Found a basalt altar of Yredelemnul.
   362 | D        | Noticed a vampire mosquito
   362 | D        | Noticed a troll
   362 | D        | Noticed a two-headed ogre
   362 | D        | Noticed a yak
   375 | D        | Gained mutation: You have sharp fingernails. [demonic
                  | ancestry]
   375 | D        | Reached XP level 5. HP: 18/44 MP: 4/7
   418 | D        | Killed a vampire mosquito
   419 | D        | Gained mutation: You regenerate magic rapidly. [demonic
                  | ancestry]
   419 | D        | Reached XP level 6. HP: 37/51 MP: 6/10
   425 | D        | Killed a troll
   425 | D        | Reached *** piety under Okawaru
   426 | D        | Gained mutation: You have very sharp fingernails. [demonic
                  | ancestry]
   426 | D        | Reached XP level 7. HP: 23/56 MP: 8/13
   431 | D        | Mangled by a two-headed ogre

Illustrated notes

Levels and vault maps discovered:
D:        linesprint [early_d, line_temple, items_1, d_10, items_2, lair_1,
          lair_end, items_3, orc_1, orc_end, items_4, d_15, swamp_1, shoals_1,
          snake_1, spider_1, d_20, vaults_1, items_5, swamp_end, shoals_end,
          snake_end, spider_end, vaults_end, d_27, items_6, zot_1, zot_end,
          crypt_end, forest_end, elf_end, slime_end, tomb_end, abyss_end,
          pan_hell_end]

Skill      XL: |  1  2  3  4  5  6 |
---------------+-------------------+-----
Dodging        | 5 6 7 8 |  8.8
Stealth        | 2 |  2.0
Unarmed Combat | 5 6 7 8 |  8.8
Fighting       | 5 |  5.0
Invocations    | 3 6 8 |  8.5

Action                   |  1- 3 |  4- 6 |  7- 9 || total
-------------------------+-------+-------+-------++-------
Melee: Unarmed           |    17 |    75 |     3 ||    95
       Punch             |     1 |     1 |       ||     2
Evoke: Wand              |       |       |     2 ||     2
  Use: Potion            |     1 |     5 |       ||     6
       Scroll            |       |       |     1 ||     1
Armor: Robe              |     1 |       |       ||     1
       Ring mail         |       |    18 |       ||    18
Dodge: Dodged            |     6 |    48 |     1 ||    55

Table legend: (Time is in decaauts)
 A = Elapsed time spent in this place.
 B = Non-inter-level travel time spent in this place.
 C = Inter-level travel time spent in this place.
 D = Time resting spent in this place.
 E = Time spent auto-exploring this place.
 F = Levels seen in this place.
 G = Mean time per level.
                   A        B        C        D        E       F      G
               +--------+--------+--------+--------+--------+-----+--------+
         Total |    413 |    413 |      0 |    225 |      0 |   1 |  413.0 |
       Dungeon |    413 |    413 |      0 |    225 |      0 |   1 |  413.0 |
               +--------+--------+--------+--------+--------+-----+--------+

Top non-repeatable levels by time:
       D: 413 daAuts
